 Dungeon Crawl Stone Soup version 0.24.0-123-gd5b16e6ec5 (webtiles) character file.

Game seed: 16166215978617459353, levelgen mode: deterministic

111 DungeonDestroyer the Shield-Bearer (level 4, -1/41 HPs)
             Began as a Gnoll Fighter on Jan 21, 2020.
             Slain by a gnoll
             ... wielding a +0 halberd
              (3 damage)
             ... on level 2 of the Dungeon.
             The game lasted 00:03:47 (1473 turns).

DungeonDestroyer the Shield-Bearer (Gnoll Fighter)  Turns: 1473, Time: 00:03:48

Health: -1/41      AC: 10    Str: 19    XL:     4   Next: 92%
Magic:  5/5        EV:  6    Int: 11    God:
Gold:   93         SH: 12    Dex: 14    Spells: 5/5 levels left

rFire    . . .     SeeInvis .   a - +0 long sword
rCold    . . .     Gourm    .   c - +0 shield
rNeg     . . .     Faith    .   h - +0 chain mail
rPois    .         Spirit   .   (no helmet)
rElec    .         Reflect  +   (no cloak)
rCorr    .         Harm     .   (no gloves)
MR       .....                  (no boots)
Stlth    ..........             g - +2 amulet of reflection
HPRegen  0.13/turn              (no ring)
MPRegen  0.09/turn              (no ring)

@: hasted, very quick
A: distributed training, fangs 1, strong nose
a: no special abilities


You were on level 2 of the Dungeon.
You were not hungry.

You visited 1 branch of the dungeon, and saw 2 of its levels.

You collected 93 gold pieces.

Inventory:

Hand Weapons
 a - a +0 long sword (weapon)
 i - a +3 mace of protection
Missiles
 e - 31 stones (quivered)
 l - 13 arrows
 m - 19 sling bullets
Armour
 c - a +0 shield (worn)
 h - a +0 chain mail (worn)
Jewellery
 g - a +2 amulet of reflection (around neck)
Scrolls
 b - 4 scrolls of identify
 k - a scroll of remove curse
Potions
 d - a potion of might
Comestibles
 f - 2 rations
 j - 3 chunks of flesh


   Skills:
 + Level 6.6 Fighting
 + Level 1.2 Short Blades
 + Level 4.7 Long Blades
 + Level 1.2 Axes
 + Level 1.2 Maces & Flails
 + Level 1.2 Polearms
 + Level 1.2 Staves
 + Level 1.2 Slings
 + Level 1.2 Bows
 + Level 1.2 Crossbows
 + Level 1.2 Throwing
 + Level 6.6 Armour
 + Level 1.2 Dodging
 + Level 1.2 Stealth
 + Level 6.6 Shields
 + Level 1.2 Unarmed Combat
 + Level 1.2 Spellcasting
 + Level 1.0 Conjurations
 + Level 1.0 Hexes
 + Level 1.0 Charms
 + Level 1.0 Summonings
 + Level 1.0 Necromancy
 + Level 1.0 Translocations
 + Level 1.0 Transmutations
 + Level 1.0 Fire Magic
 + Level 1.0 Ice Magic
 + Level 1.0 Air Magic
 + Level 1.0 Earth Magic
 + Level 1.0 Poison Magic
 + Level 1.4 Invocations
 + Level 1.2 Evocations


You had 5 spell levels left.
You didn't know any spells.
Your spell library contained the following spells:

 Spells                   Type           Power        Failure   Level  Hunger
 Beastly Appendage        Tmut           #.....       99%         1    ##.....
 Sticks to Snakes         Tmut           #.......     100%        2    ###....
 Spider Form              Tmut/Pois      #.........   100%        3    ####...
 Ice Form                 Ice/Tmut       #.......     100%        4    #####..
 Blade Hands              Tmut           #.........   100%        5    ######.


Dungeon Overview and Level Annotations

Branches:
Dungeon (2/15)

Altars:
Ashenzari
Makhleb


Innate Abilities, Weirdness & Mutations

Your experience applies equally to all skills.
You have very sharp teeth.
Your uncanny sense of smell can sniff out nearby items.


Message History

The gnoll hits you from afar with a +0 halberd.
* * * LOW HITPOINT WARNING * * *
Unknown command.
You slash the gnoll! You bite the gnoll.
You kill the gnoll!
You block the gnoll's attack.
Unknown command.
You hit the gnoll but do no damage. The gnoll hits you.
* * * LOW HITPOINT WARNING * * *
You block the gnoll's attack.
Unknown command.
You slash the gnoll!
The gnoll is severely wounded.
Unknown command.
Your shield and chain mail prevent you from hitting the gnoll.
The gnoll is severely wounded.
The gnoll hits you.
* * * LOW HITPOINT WARNING * * *
The gnoll hits you from afar with a +0 halberd.
You die...

.....#.....##..#####≈ #####'#...
..>..#.....###.#..### ######.....
...........###.#.######........#.
.....#.........#.##.##.........#.
.....#.........#.##).g...####..##
##.###...........##.###'#...####
................#.........## ###
^...............#........_∩# #..
.......#######@#.........## #..
...... #g#......##.####.. .....
#g.#'###..####.#.. .. #..#g#
#.......#.. #..#g# #.......#..
#..#.# #.......#.. ########....#
#....####.. ............# #....#
#.. ............# ####.# #..


You could see 2 gnolls.

Vanquished Creatures
  A hound (D:2)
  An adder (D:2)
  2 gnolls (D:2)
  2 worms (D:2)
  A dart slug (D:1)
  A leopard gecko (D:1)
  5 giant cockroaches
  5 goblins
  5 hobgoblins
  7 kobolds
  A quokka (D:2)
  6 bats
  A frilled lizard (D:2)
  A quokka zombie (D:2)
  6 rats
45 creatures vanquished.

Notes
Turn   | Place    | Note
-------+----------+-------------------------------------------
     0 | D:1      | DungeonDestroyer the Gnoll Fighter began the quest for the
                  | Orb.
     0 | D:1      | Reached XP level 1. HP: 23/23 MP: 1/1
   129 | D:1      | Reached XP level 2. HP: 29/29 MP: 2/2
   268 | D:1      | Found a shattered altar of Ashenzari.
   314 | D:1      | You fall into a shaft and drop 1 floor!
   326 | D:2      | Reached XP level 3. HP: 35/35 MP: 3/3
  1032 | D:2      | Reached skill level 1 in Invocations
  1201 | D:2      | Found a burning altar of Makhleb.
  1217 | D:2      | Reached skill level 1 in Short Blades
  1217 | D:2      | Reached skill level 1 in Axes
  1217 | D:2      | Reached skill level 1 in Maces & Flails
  1217 | D:2      | Reached skill level 1 in Polearms
  1217 | D:2      | Reached skill level 1 in Staves
  1217 | D:2      | Reached skill level 1 in Slings
  1217 | D:2      | Reached skill level 1 in Bows
  1217 | D:2      | Reached skill level 1 in Crossbows
  1217 | D:2      | Reached skill level 1 in Throwing
  1217 | D:2      | Reached skill level 1 in Dodging
  1217 | D:2      | Reached skill level 1 in Stealth
  1217 | D:2      | Reached skill level 1 in Unarmed Combat
  1217 | D:2      | Reached skill level 1 in Spellcasting
  1217 | D:2      | Reached skill level 1 in Evocations
  1217 | D:2      | Reached XP level 4. HP: 30/41 MP: 5/5
  1444 | D:2      | Reached skill level 1 in Conjurations
  1444 | D:2      | Reached skill level 1 in Hexes
  1444 | D:2      | Reached skill level 1 in Charms
  1444 | D:2      | Reached skill level 1 in Summonings
  1444 | D:2      | Reached skill level 1 in Necromancy
  1444 | D:2      | Reached skill level 1 in Translocations
  1444 | D:2      | Reached skill level 1 in Transmutations
  1444 | D:2      | Reached skill level 1 in Fire Magic
  1444 | D:2      | Reached skill level 1 in Ice Magic
  1444 | D:2      | Reached skill level 1 in Air Magic
  1444 | D:2      | Reached skill level 1 in Earth Magic
  1444 | D:2      | Reached skill level 1 in Poison Magic
  1473 | D:2      | HP: 2/41 [gnoll (1)]
  1473 | D:2      | Slain by a gnoll

Levels and vault maps discovered:
D:1:      lightli_arrival_noodles, layout_loops_ring,
          chequers_serial_rivers_micro_a, chequers_serial_rivers_micro_e,
          ashenzari_altar_1
D:2:      layout_basic, chequers_serial_rivers_large_a, st_stairs_3,
          makhleb_heckhound_becter

Skill      XL: |  1  2  3  4 |
---------------+-------------+-----
Invocations    | 1 |  1.4
Short Blades   | 1 |  1.2
Axes           | 1 |  1.2
Maces & Flails | 1 |  1.2
Polearms       | 1 |  1.2
Staves         | 1 |  1.2
Slings         | 1 |  1.2
Bows           | 1 |  1.2
Crossbows      | 1 |  1.2
Throwing       | 1 |  1.2
Dodging        | 1 |  1.2
Stealth        | 1 |  1.2
Unarmed Combat | 1 |  1.2
Spellcasting   | 1 |  1.2
Evocations     | 1 |  1.2
Conjurations   | 1 |  1.0
Hexes          | 1 |  1.0
Charms         | 1 |  1.0
Summonings     | 1 |  1.0
Necromancy     | 1 |  1.0
Translocations | 1 |  1.0
Transmutations | 1 |  1.0
Fire Magic     | 1 |  1.0
Ice Magic      | 1 |  1.0
Air Magic      | 1 |  1.0
Earth Magic    | 1 |  1.0
Poison Magic   | 1 |  1.0
Fighting       | |  6.6
Long Blades    | |  4.7
Armour         | |  6.6
Shields        | |  6.6

Action                   |  1- 3 |  4- 6 || total
-------------------------+-------+-------++-------
Melee: Long sword        |   108 |    36 ||   144
       Bite              |    12 |     9 ||    21
  Use: Scroll            |     4 |       ||     4
       Potion            |     1 |     1 ||     2
  Eat: Chunk             |     1 |     1 ||     2
Armor: Scale mail        |    10 |       ||    10
       Chain mail        |    40 |    10 ||    50
Dodge: Dodged            |    23 |    14 ||    37
Block: Shield            |    90 |    28 ||   118
       Reflection        |     3 |       ||     3
       Rpst.: Long sword |    11 |     4 ||    15
